| TOP OF THE 1ST |
|
Lakewood BlueClaws batting - Pitching for Kane County Cougars : RHP Joey Keim
|
|
Pitching: RHP Joey Keim
|
|
|
Batting: RHB Alberto Ramirez
|
0-0: Ground out 4-3 (Groundball, 4, EV 85.0 MPH)
|
|
Batting: SHB Bob Dixon
|
0-0: Foul Ball, location: 2F 0-1: Foul Ball, location: 2F 0-2: Ball 1-2: Strikes out swinging
|
|
Batting: RHB Victor Arroyo
|
0-0: Ball 1-0: Foul Ball, location: 2F 1-1: Foul Ball, location: 2F 1-2: Ball 2-2: Strikes out swinging
|
| Top of the 1st over - 0 runs, 0 hits, 0 errors, 0 left on base; Lakewood 0 - Kane County 0 |
| BOTTOM OF THE 1ST |
|
Kane County Cougars batting - Pitching for Lakewood BlueClaws : RHP Chris Perteet
|
|
Pitching: RHP Chris Perteet
|
|
|
Batting: LHB Willie Gutierrez
|
0-0: Called Strike 0-1: Ball 1-1: Ground out U3 (Groundball, 3L, EV 100.0 MPH)
|
|
Batting: RHB Dave Vargas
|
0-0: Foul Ball, location: 2F 0-1: Ball 1-1: Ball 2-1: Foul Ball, location: 2F 2-2: SOLO HOME RUN (Flyball, 89XD, EV 106.2 MPH), Distance : 405 ft
|
|
Batting: RHB Marlon Reda
|
0-0: SOLO HOME RUN (Flyball, 9D, EV 99.4 MPH), Distance : 387 ft
|
|
Batting: RHB Franklin Villanueva
|
0-0: Swinging Strike 0-1: Swinging Strike 0-2: Strikes out swinging
|
|
Batting: RHB John Pena
|
0-0: Ball 1-0: Ball 2-0: Called Strike 2-1: Foul Ball, location: 2F 2-2: Ground out 4-3 (Groundball, 4, EV 101.9 MPH)
|
| Bottom of the 1st over - 2 runs, 2 hits, 0 errors, 0 left on base; Lakewood 0 - Kane County 2 |
| TOP OF THE 2ND |
|
Lakewood BlueClaws batting - Pitching for Kane County Cougars : RHP Joey Keim
|
|
Batting: RHB Danny Krug
|
0-0: Ball 1-0: Foul Ball, location: 2F 1-1: Ground out 6-3 (Groundball, 6, EV 82.5 MPH)
|
|
Batting: RHB Roberto Ruiz
|
0-0: Ball 1-0: Ground out 4-3 (Groundball, 4, EV 85.0 MPH)
|
|
Batting: RHB Kyle Morse
|
0-0: Foul Ball, location: 2F 0-1: Hit by Pitch
|
|
Batting: RHB Manny Mendoza
|
0-0: Foul Ball, location: 2F 0-1: Called Strike 0-2: Ball 1-2: Ball 2-2: Fly out, F9 (Flyball, 9LS, EV 83.1 MPH)
|
| Top of the 2nd over - 0 runs, 0 hits, 0 errors, 1 left on base; Lakewood 0 - Kane County 2 |
| BOTTOM OF THE 2ND |
|
Kane County Cougars batting - Pitching for Lakewood BlueClaws : RHP Chris Perteet
|
|
Batting: RHB Jake Hodge
|
0-0: Called Strike 0-1: Foul Ball, location: 2F 0-2: Foul Ball, location: 2F 0-2: Ball 1-2: Strikes out swinging
|
|
Batting: RHB Curt Barrett
|
0-0: Called Strike 0-1: Ball 1-1: Foul Ball, location: 2F 1-2: Ball 2-2: Fly out, F9 (Flyball, 89S, EV 78.1 MPH)
|
|
Batting: LHB Brian Nielsen
|
0-0: Ball 1-0: Ball 2-0: Ground out 4-3 (Groundball, 4, EV 105.6 MPH)
|
| Bottom of the 2nd over - 0 runs, 0 hits, 0 errors, 0 left on base; Lakewood 0 - Kane County 2 |
| TOP OF THE 3RD |
|
Lakewood BlueClaws batting - Pitching for Kane County Cougars : RHP Joey Keim
|
|
Batting: RHB Steve Jones
|
0-0: Foul Ball, location: 2F 0-1: Foul Ball, location: 2F 0-2: Ball 1-2: Ball 2-2: Strikes out looking
|
|
Batting: RHB Pedro Mata
|
0-0: Swinging Strike 0-1: Ball 1-1: Ball 2-1: Foul Ball, location: 2F 2-2: Ball 3-2: Foul Ball, location: 2F 3-2: Base on Balls
|
|
Batting: RHB Alberto Ramirez
|
0-0: Swinging Strike 0-1: Ball 1-1: DOUBLE (Flyball, 8RXD, EV 108.8 MPH) Pedro Mata to third
|
|
Batting: SHB Bob Dixon
|
0-0: Foul Ball, location: 2F 0-1: Ball 1-1: Called Strike 1-2: Strikes out swinging
|
|
Batting: RHB Victor Arroyo
|
0-0: Ball 1-0: Ball 2-0: Ball 3-0: Called Strike 3-1: Base on Balls
|
|
Batting: RHB Danny Krug
|
0-0: Called Strike 0-1: Ball 1-1: Ground out 2-3 (Groundball, 13S, EV 71.9 MPH)
|
| Top of the 3rd over - 0 runs, 1 hit, 0 errors, 3 left on base; Lakewood 0 - Kane County 2 |
| BOTTOM OF THE 3RD |
|
Kane County Cougars batting - Pitching for Lakewood BlueClaws : RHP Chris Perteet
|
|
Batting: RHB Jason Rivers
|
0-0: Foul Ball, location: 2F 0-1: Ground out 6-3 (Groundball, 6, EV 80.0 MPH)
|
|
Batting: LHB Willie Gutierrez
|
0-0: Ball 1-0: Ball 2-0: Called Strike 2-1: Fly out, F8 (Flyball, 8RD, EV 81.9 MPH)
|
|
Batting: RHB Dave Vargas
|
0-0: Called Strike 0-1: Ball 1-1: SINGLE (Line Drive, 9S, EV 107.5 MPH)
|
|
Batting: RHB Marlon Reda
|
0-0: Ball Dave Vargas steals 2nd base (no throw) 1-0: Called Strike 1-1: SINGLE (Groundball, 56D, EV 108.8 MPH) Dave Vargas to third
|
|
Batting: RHB Franklin Villanueva
|
0-0: Ball Passed Ball! Dave Vargas scores Marlon Reda to second 1-0: Ball 2-0: Ball 3-0: Called Strike 3-1: Base on Balls
|
|
Batting: RHB John Pena
|
0-0: Foul Ball, location: 2F 0-1: Swinging Strike 0-2: Foul Ball, location: 2F 0-2: Ball 1-2: SINGLE (Groundball, P, EV 90.0 MPH) (infield hit) Marlon Reda to third Franklin Villanueva to second
|
|
Batting: RHB Jake Hodge
|
0-0: Ball 1-0: Called Strike 1-1: SINGLE (Groundball, 5, EV 100.0 MPH) Marlon Reda scores Franklin Villanueva to third John Pena to second
|
|
Batting: RHB Curt Barrett
|
0-0: Foul Ball, location: 2F 0-1: Ball 1-1: DOUBLE (Flyball, 89D, EV 107.5 MPH) Franklin Villanueva scores John Pena scores Jake Hodge to third
|
|
Pitching: RHP Omar Pineda
|
|
|
Batting: LHB Brian Nielsen
|
0-0: Called Strike 0-1: Ball 1-1: Reached on error, E2 (Groundball, 15S, EV 67.5 MPH) Jake Hodge scores Curt Barrett to third
|
|
Batting: RHB Jason Rivers
|
0-0: Swinging Strike 0-1: Foul Ball, location: 2F 0-2: Strikes out swinging
|
| Bottom of the 3rd over - 5 runs, 5 hits, 1 error, 2 left on base; Lakewood 0 - Kane County 7 |
| TOP OF THE 4TH |
|
Lakewood BlueClaws batting - Pitching for Kane County Cougars : RHP Joey Keim
|
|
Batting: RHB Roberto Ruiz
|
0-0: Ball 1-0: Called Strike 1-1: Foul Ball, location: 2F 1-2: Ball 2-2: Ball 3-2: Foul Ball, location: 2F 3-2: Foul Ball, location: 2F 3-2: Ground out 2-3 (Groundball, 2L, EV 63.1 MPH)
|
|
Batting: RHB Kyle Morse
|
0-0: Called Strike 0-1: Foul Ball, location: 2F 0-2: Foul Ball, location: 2F 0-2: Foul Ball, location: 2F 0-2: Ball 1-2: Ball 2-2: Foul Ball, location: 2F 2-2: Ball 3-2: Strikes out swinging
|
|
Batting: RHB Manny Mendoza
|
0-0: Called Strike 0-1: Ball 1-1: Foul Ball, location: 2F 1-2: Strikes out looking
|
| Top of the 4th over - 0 runs, 0 hits, 0 errors, 0 left on base; Lakewood 0 - Kane County 7 |
| BOTTOM OF THE 4TH |
|
Kane County Cougars batting - Pitching for Lakewood BlueClaws : RHP Omar Pineda
|
|
Batting: LHB Willie Gutierrez
|
0-0: Foul Ball, location: 2F 0-1: Ball 1-1: Ball 2-1: Foul Ball, location: 2F 2-2: Ball 3-2: Base on Balls
|
|
Batting: RHB Dave Vargas
|
0-0: Ball 1-0: Called Strike 1-1: Called Strike 1-2: Ball Wild Pitch! Willie Gutierrez to second 2-2: Ball 3-2: Base on Balls
|
|
Batting: RHB Marlon Reda
|
0-0: Ball 1-0: Fly out, F7 (Flyball, 78M, EV 87.5 MPH)
|
|
Batting: RHB Franklin Villanueva
|
0-0: Called Strike 0-1: Ball Wild Pitch! Willie Gutierrez to third Dave Vargas to second 1-1: Ball 2-1: Ball 3-1: Foul Ball, location: 2F 3-2: Base on Balls
|
|
Batting: RHB John Pena
|
0-0: Ball 1-0: Ball 2-0: Ball 3-0: Called Strike 3-1: Base on Balls Willie Gutierrez scores Dave Vargas to third Franklin Villanueva to second
|
|
Pitching: RHP Ricardo Dominguez
|
|
|
Batting: RHB Jake Hodge
|
0-0: Grounds into double play, 6-4-3 (Groundball, 6, EV 91.9 MPH)
|
| Bottom of the 4th over - 1 run, 0 hits, 0 errors, 2 left on base; Lakewood 0 - Kane County 8 |
| TOP OF THE 5TH |
|
Lakewood BlueClaws batting - Pitching for Kane County Cougars : RHP Joey Keim
|
|
Batting: RHB Steve Jones
|
0-0: Ball 1-0: Ball 2-0: Fly out, F8 (Line Drive, 8RM, EV 83.1 MPH)
|
|
Batting: RHB Pedro Mata
|
0-0: Reached on error, E5 (Groundball, 5S, EV 69.4 MPH)
|
|
Batting: RHB Alberto Ramirez
|
0-0: Swinging Strike 0-1: Swinging Strike 0-2: Ball 1-2: Strikes out swinging
|
|
Batting: SHB Bob Dixon
|
0-0: Ground out 5-3 (Groundball, 56, EV 100.0 MPH)
|
| Top of the 5th over - 0 runs, 0 hits, 1 error, 1 left on base; Lakewood 0 - Kane County 8 |
| BOTTOM OF THE 5TH |
|
Kane County Cougars batting - Pitching for Lakewood BlueClaws : RHP Ricardo Dominguez
|
|
Batting: RHB Curt Barrett
|
0-0: Ball 1-0: Foul Ball, location: 2F 1-1: Called Strike 1-2: DOUBLE (Flyball, 8RXD, EV 110.0 MPH)
|
|
Batting: LHB Brian Nielsen
|
0-0: Ball 1-0: Ball 2-0: Ground out 1-3 (Groundball, 23, EV 75.0 MPH) Curt Barrett to third
|
|
Batting: RHB Jason Rivers
|
0-0: Foul Ball, location: 2F 0-1: Ball 1-1: Ground out 6-3 (Groundball, 6S, EV 80.6 MPH) Curt Barrett scores
|
|
Batting: LHB Willie Gutierrez
|
0-0: Foul Ball, location: 2F 0-1: Ball 1-1: Ball 2-1: Ball 3-1: Base on Balls
|
|
Batting: RHB Dave Vargas
|
0-0: Ground out U3 (Groundball, 34S, EV 84.4 MPH)
|
| Bottom of the 5th over - 1 run, 1 hit, 0 errors, 1 left on base; Lakewood 0 - Kane County 9 |
| TOP OF THE 6TH |
|
Lakewood BlueClaws batting - Pitching for Kane County Cougars : RHP Joey Keim
|
|
Batting: RHB Victor Arroyo
|
0-0: Ball 1-0: Ball 2-0: Foul Ball, location: 2F 2-1: Ground out 5-3 (Groundball, 56, EV 77.5 MPH)
|
|
Batting: RHB Danny Krug
|
0-0: Ball 1-0: Fly out, F4 (Line Drive, 4, EV 67.5 MPH)
|
|
Batting: RHB Roberto Ruiz
|
0-0: Foul Ball, location: 2F 0-1: Ball 1-1: Foul Ball, location: 2F 1-2: Foul Ball, location: 2F 1-2: Ground out U3 (Groundball, 34, EV 106.9 MPH)
|
| Top of the 6th over - 0 runs, 0 hits, 0 errors, 0 left on base; Lakewood 0 - Kane County 9 |
| BOTTOM OF THE 6TH |
|
Kane County Cougars batting - Pitching for Lakewood BlueClaws : RHP Ricardo Dominguez
|
|
Batting: RHB Marlon Reda
|
0-0: Ball 1-0: SINGLE (Flyball, 8RS, EV 92.5 MPH)
|
|
Batting: RHB Franklin Villanueva
|
0-0: Fielders Choice at 2nd, 5-4 (Groundball, 5, EV 79.4 MPH)
|
|
Batting: RHB John Pena
|
0-0: Ball 1-0: Called Strike 1-1: Ball 2-1: Ball 3-1: Foul Ball, location: 2F 3-2: Fly out, F9 (Line Drive, 9D, EV 86.9 MPH)
|
|
Batting: RHB Jake Hodge
|
0-0: Called Strike 0-1: Fly out, F7 (Flyball, 7D, EV 100.6 MPH)
|
| Bottom of the 6th over - 0 runs, 1 hit, 0 errors, 1 left on base; Lakewood 0 - Kane County 9 |
| TOP OF THE 7TH |
|
Lakewood BlueClaws batting - Pitching for Kane County Cougars : RHP Joey Keim
|
|
Batting: RHB Kyle Morse
|
0-0: Swinging Strike 0-1: Swinging Strike 0-2: Strikes out swinging
|
|
Batting: RHB Manny Mendoza
|
0-0: Foul Ball, location: 2F 0-1: Ball 1-1: Ball 2-1: Fly out, F6 (Popup, 6, EV 81.9 MPH)
|
|
Batting: RHB Steve Jones
|
0-0: Fly out, F9 (Line Drive, 9, EV 84.4 MPH)
|
| Top of the 7th over - 0 runs, 0 hits, 0 errors, 0 left on base; Lakewood 0 - Kane County 9 |
| BOTTOM OF THE 7TH |
|
Kane County Cougars batting - Pitching for Lakewood BlueClaws : RHP Ricardo Dominguez
|
|
Batting: RHB Curt Barrett
|
0-0: Ball 1-0: Foul Ball, location: 2F 1-1: Reached on error, E6 (Groundball, 56, EV 81.2 MPH)
|
|
Pinch Hitting: RHB Mike Persinger
|
0-0: Ball 1-0: Ball 2-0: Ball 3-0: Called Strike 3-1: Swinging Strike 3-2: Base on Balls Curt Barrett to second
|
|
Pitching: RHP Derek Ziolkowski
|
|
|
Pinch Hitting: LHB Ron Tipton
|
0-0: Ball 1-0: Grounds into double play, 5-4-3 (Groundball, 56, EV 85.6 MPH) Curt Barrett to third
|
|
Batting: LHB Willie Gutierrez
|
0-0: Called Strike 0-1: Foul Ball, location: 2F 0-2: Ball 1-2: Ground out 4-3 (Groundball, 4, EV 101.9 MPH)
|
| Bottom of the 7th over - 0 runs, 0 hits, 1 error, 1 left on base; Lakewood 0 - Kane County 9 |
| TOP OF THE 8TH |
|
Lakewood BlueClaws batting - Pitching for Kane County Cougars : RHP Joey Keim
|
|
Pitching: LHP Wibawa Simbolon
|
|
|
Now at 1B: Ron Tipton
|
|
|
Now at 2B: Mike Persinger
|
|
|
Batting: RHB Pedro Mata
|
0-0: Ball 1-0: Called Strike 1-1: Fly out, F4 (Flyball, 4MD, EV 81.2 MPH)
|
|
Pinch Hitting: SHB Mike Rueth
|
0-0: Ball 1-0: Ball 2-0: Foul Ball, location: 2F 2-1: Swinging Strike 2-2: Ball 3-2: Strikes out swinging
|
|
Batting: SHB Bob Dixon
|
0-0: Foul Ball, location: 2F 0-1: Swinging Strike 0-2: Ball 1-2: Ball 2-2: Strikes out swinging
|
| Top of the 8th over - 0 runs, 0 hits, 0 errors, 0 left on base; Lakewood 0 - Kane County 9 |
| BOTTOM OF THE 8TH |
|
Kane County Cougars batting - Pitching for Lakewood BlueClaws : RHP Derek Ziolkowski
|
|
Now at 3B: Mike Rueth
|
|
|
Batting: RHB Dave Vargas
|
0-0: Foul Ball, location: 2F 0-1: Ball 1-1: Ball 2-1: Called Strike 2-2: Strikes out looking
|
|
Batting: RHB Marlon Reda
|
0-0: Foul Ball, location: 2F 0-1: Called Strike 0-2: Ball 1-2: Ball 2-2: Strikes out swinging
|
|
Batting: RHB Franklin Villanueva
|
0-0: Ball 1-0: Ball 2-0: Called Strike 2-1: Foul Ball, location: 2F 2-2: Strikes out swinging
|
| Bottom of the 8th over - 0 runs, 0 hits, 0 errors, 0 left on base; Lakewood 0 - Kane County 9 |
| TOP OF THE 9TH |
|
Lakewood BlueClaws batting - Pitching for Kane County Cougars : LHP Wibawa Simbolon
|
|
Batting: RHB Victor Arroyo
|
0-0: Foul Ball, location: 2F 0-1: Ball 1-1: Ball 2-1: Called Strike 2-2: Ball 3-2: Foul Ball, location: 2F 3-2: Foul Ball, location: 2F 3-2: Base on Balls
|
|
Batting: RHB Danny Krug
|
0-0: Foul Ball, location: 2F 0-1: Hit by Pitch Victor Arroyo to second
|
|
Batting: RHB Roberto Ruiz
|
0-0: Called Strike 0-1: Ball 1-1: Foul Ball, location: 2F 1-2: Ball Passed Ball! Victor Arroyo to third Danny Krug to second 2-2: Ball 3-2: Foul Ball, location: 2F 3-2: Strikes out swinging
|
|
Batting: RHB Kyle Morse
|
0-0: Ball 1-0: Ball 2-0: Ball 3-0: Fly out, F8 (Flyball, 8RD, EV 91.2 MPH) Runner from 3rd tags up, SCORES, no throw by CF
|
|
Batting: RHB Manny Mendoza
|
0-0: Foul Ball, location: 2F 0-1: Ground out 6-3 (Groundball, 56, EV 103.1 MPH)
|
| Top of the 9th over - 1 run, 0 hits, 0 errors, 1 left on base; Lakewood 1 - Kane County 9 |
|